 Dungeon Crawl Stone Soup version 0.16.1-30-g34a7ffa (webtiles) character file.

44 Goblin1989 the Ruffian (level 3, 0/27 HPs)
             Began as a Demonspawn Gladiator on June 14, 2015.
             Succumbed to an adder's poison
             ... on level 2 of the Dungeon.
             The game lasted 00:04:18 (1305 turns).

Goblin1989 the Ruffian (Demonspawn Gladiator)       Turns: 1305, Time: 00:04:18

Health: 0/27       AC:  4    Str: 15    XL:     3   Next: 41%
Magic:  1/3        EV: 12    Int:  9    God:
Gold:   85         SH:  0    Dex: 16    Spells: 0 memorised, 2 levels left

rFire  . . .     SeeInvis .       - Unarmed
rCold  . . .     Clarity  .     b - +0 leather armour
rNeg   . . .     SustAb   .     (no shield)
rPois  .         Gourm    .     c - +0 helmet
rElec  .         Spirit   +     (no cloak)
rCorr  .         Warding  .     (no gloves)
rMut   .         Stasis   .     (no boots)
MR     .....                    (no amulet)
Stlth  ++........               (no ring)
                                (no ring)

@: lethally poisoned (0 -> -1), not resistant to hostile enchantments,
unstealthy
A: thin skeletal structure 1, magic shield
a: no special abilities


You were on level 2 of the Dungeon.
You were not hungry.

You visited 1 branch of the dungeon, and saw 2 of its levels.

You collected 85 gold pieces.

Inventory:

Missiles
 d - 3 throwing nets (quivered)
Armour
 b - a +0 leather armour (worn)
 c - a +0 helmet (worn)
 p - a +0 buckler
Jewellery
 r - an uncursed ring of protection from magic {unknown}
Scrolls
 e - 5 scrolls of identify {unknown}
 f - 3 scrolls of magic mapping {unknown}
 g - a scroll of enchant armour {unknown}
 h - a scroll of remove curse {unknown}
 i - a scroll of noise {unknown}
 m - a scroll of recharging {unknown}
 n - a scroll of fog {unknown}
 o - a scroll of blinking {unknown}
Potions
 k - 2 potions of heal wounds {unknown}
 q - a potion of lignification {unknown}
Comestibles
 a - a bread ration
 j - a meat ration
 l - a beef jerky


   Skills:
 - Level 2.0 Fighting
 - Level 1.7 Throwing
 - Level 2.6 Dodging
 + Level 4.1 Unarmed Combat


You had 2 spell levels left.
You didn't know any spells.

Dungeon Overview and Level Annotations

Branches:
Dungeon (2/15)

Altars:
Makhleb
Nemelex Xobeh


Innate Abilities, Weirdness & Mutations

You have a somewhat thin skeletal structure (Dex +2, Stealth).
When hurt, damage is shared between your health and your magic reserves.


Message History

You barely miss the goblin.
The goblin is heavily wounded.
The goblin misses you.
You completely miss the goblin.
The goblin is heavily wounded.
You feel sick.
The goblin hits you with an uncursed club.
* * * LOW HITPOINT WARNING * * *
You barely miss the goblin.
The goblin is heavily wounded.
The goblin closely misses you.
You barely miss the goblin.
The goblin is heavily wounded.
You closely miss the goblin.
The goblin is heavily wounded.
The goblin hits you with an uncursed club.
* * * LOW HITPOINT WARNING * * *
You punch the goblin!
You kill the goblin!
You die...

#..... #...#.### #..
#....... #...#.#3#
#.. #.......
#...####### #..
....... #......_#1#
#.. ......
#...####### #..
.....# #....>#3# ###
.....#######...#.###
............g..#)#
...............#@#
............####.#
............# #.#
....######### #.#
##### #.# #(. ###


There were no monsters in sight!

Vanquished Creatures
  An adder (D:2)
  3 giant geckos (D:2)
  4 giant cockroaches (D:1)
  4 hobgoblins
  A quokka (D:2)
  4 bats
  4 giant newts (D:1)
  6 goblins
  2 kobolds
  A rat (D:2)
30 creatures vanquished.

Notes
Turn   | Place    | Note
--------------------------------------------------------------
     0 | D:1      | Goblin1989, the Demonspawn Gladiator, began the quest for the Orb.
     0 | D:1      | Reached XP level 1. HP: 16/16 MP: 1/1
   135 | D:1      | Reached skill level 3 in Unarmed Combat
   253 | D:1      | Gained mutation: When hurt, damage is shared between your health and your magic reserves. [demonic ancestry]
   253 | D:1      | Reached XP level 2. HP: 22/22 MP: 2/2
  1036 | D:2      | Found a sparkling altar of Nemelex Xobeh.
  1109 | D:2      | Gained mutation: You have a somewhat thin skeletal structure (Dex +2, Stealth). [demonic ancestry]
  1109 | D:2      | Reached XP level 3. HP: 22/27 MP: 1/3
  1233 | D:2      | Found a burning altar of Makhleb.
  1233 | D:2      | Noticed an Executioner
  1236 | D:2      | Noticed a ynoxinul
  1236 | D:2      | Noticed a smoke demon
  1289 | D:2      | Reached skill level 4 in Unarmed Combat
  1304 | D:2      | HP: 1/27 [goblin/uncursed club (1)]
  1305 | D:2      | Succumbed to an adder's poison

Action                   || total
-------------------------++-------
Melee: Unarmed           ||   124
  Eat: Chunk             ||     1
